Map: Oxide LE

Players

ziGGy

  • Race: Terran Terran

PtitDrogo - Winner!

  • Race: Protoss Protoss

Event: DreamHack SC2 Masters 2021 Fall

VOD

Have the link to the VOD?

Description

Time

  • Played on: Aug. 8, 2021, 12:44 p.m.
  • Length: 12:02

All games in this series

Show
View Real Time Build Order
Export as new Build Order

ziGGy Terran 

Build Orders: Reaper Expand, Banshee Rush 

Get SALT Encoding   

  12  0:00  SCV  
  13  0:12  SCV  
  14  0:17  Supply Depot  
  14  0:24  SCV  
  15  0:38  SCV  
  15  0:39  Barracks  
  16  0:43  Refinery  
  16  0:50  SCV  
  17  1:02  SCV  
  18  1:14  SCV  
  19  1:26  Reaper  
  19  1:27  Orbital Command  
  20  1:39  Command Center  
  20  1:50  Supply Depot  
  20  1:53  SCV  
  21  1:58  Marine  
  22  2:06  SCV  
  22  2:07  Factory  
  23  2:18  SCV, Bunker  
  23  2:21  Barracks Reactor  
  24  2:24  Refinery  
  24  2:30  SCV  
  25  2:42  SCV  
  26  2:51  Orbital Command  
  26  2:52  Hellion  
  26  2:54  SCV  
  26  2:55  Starport  
  26  2:58  Marine x2  
  31  3:06  SCV  
  32  3:13  Factory Tech Lab  
  32  3:15  Marine  
  32  3:16  Marine  
  32  3:18  SCV x2  
  36  3:27  Supply Depot  
  36  3:30  SCV x2  
  38  3:34  Marine x2  
  38  3:40  Supply Depot  
  38  3:41  Banshee  
  39  3:42  SCV, Cloaking Field  
  39  3:46  Factory Tech Lab  
  39  3:48  SCV  
  44  3:52  Engineering Bay  
  44  3:54  SCV  
  45  3:59  Marine x2  
  45  4:00  SCV  
  48  4:05  Siege Tank  
  48  4:06  SCV  
  52  4:14  SCV  
  51  4:17  Marine x2  
  51  4:18  Supply Depot  
  51  4:19  SCV  
  51  4:21  Supply Depot  
  51  4:24  Banshee  
  54  4:28  SCV  
  54  4:31  SCV  
  59  4:39  Marine x2  
  59  4:40  SCV  
  59  4:44  SCV  
  59  4:45  Siege Tank  
  66  4:50  Barracks  
  66  4:52  SCV, Barracks  
  67  4:56  SCV  
  68  5:00  Refinery  
  68  5:02  Marine x2, Refinery  
  68  5:05  SCV  
  71  5:07  Supply Depot  
  72  5:21  SCV x2  
  73  5:29  Marine x2  
  73  5:31  Siege Tank  
  73  5:33  SCV  
  73  5:34  SCV  
  80  5:38  Command Center  
  80  5:39  Starport Reactor  
  80  5:40  Barracks Tech Lab  
  80  5:42  Terran Infantry Weapons Level 1  
  80  5:45  SCV  
  78  5:56  Bunker  
  75  5:57  SCV  
  75  5:59  Marine x2, SCV  
  75  6:00  Marauder x2  
  75  6:02  Stimpack  
  82  6:09  SCV  
  82  6:11  SCV  
  81  6:18  Medivac, Siege Tank  
  86  6:26  SCV x2  
  86  6:30  Bunker  
  85  6:34  Supply Depot  
  85  6:37  Marine x2, Marauder  
  85  6:38  SCV x2  
  85  6:39  Marauder  
  84  6:45  Medivac  
  84  6:47  Combat Shield  
  85  6:49  Medivac  
  85  6:50  SCV x2  
  89  6:56  Orbital Command  
  89  6:57  Siege Tank  
  92  7:02  SCV x2  
  92  7:04  Marine x2  
  92  7:05  Marauder  
  98  7:10  Marauder  
  98  7:11  Missile Turret  
  98  7:15  SCV  
  101  7:17  Armory  
  101  7:18  Engineering Bay  
  101  7:26  Marine x2, Marauder  
  101  7:29  Medivac  
  107  7:31  Marauder  
  107  7:34  Medivac  
  107  7:35  SCV  
  107  7:36  Barracks x2  
  112  7:39  SCV  
  113  7:47  Marine x2, SCV  
  113  7:48  Factory Reactor  
  113  7:51  SCV, Orbital Command  
  117  7:54  Supply Depot  
  117  7:58  Sensor Tower  
  117  8:07  Marine x2  
  117  8:08  SCV  
  117  8:11  Refinery  
  117  8:16  SCV, Medivac, Marauder  
  117  8:18  SCV  
  117  8:19  Refinery  
  123  8:20  SCV, Missile Turret  
  123  8:22  Missile Turret  
  123  8:23  Marine  
  123  8:26  Marine  
  125  8:28  SCV, Marauder  
  125  8:30  SCV, Marauder  
  125  8:33  Marine  
  123  8:36  SCV  
  123  8:37  Marauder  
  119  8:42  SCV  
  119  8:43  Concussive Shells  
  119  8:44  Marine  
  119  8:46  Marine, SCV  
  116  8:48  SCV  
  116  8:49  Marauder  
  116  8:52  Missile Turret  
  116  8:54  SCV  
  119  8:55  Marine  
  119  8:59  SCV, Marauder  
  119  9:02  Missile Turret  
  120  9:03  SCV  
  120  9:07  SCV  
  120  9:08  Missile Turret  
  122  9:11  SCV  
  122  9:15  SCV  
  123  9:19  Marine, SCV, Marauder  
  125  9:27  Supply Depot  
  125  9:29  Supply Depot  
  125  9:37  Barracks Tech Lab  
  125  9:42  Terran Infantry Weapons Level 2  
  125  9:43  Terran Infantry Armor Level 1  
  125  9:49  Marine, SCV x3, Marauder x2  
  125  9:50  Marine  
  134  9:53  Missile Turret  
  134  10:01  SCV x3  
  137  10:08  Widow Mine x2  
  137  10:09  Marine  
  141  10:16  SCV  
  141  10:17  Supply Depot  
  141  10:19  Supply Depot x2, SCV x2  
  141  10:20  Marauder x2  
  147  10:23  Marine  
  147  10:28  Supply Depot, Viking  
  148  10:29  Viking, Marauder  
  155  10:35  SCV x2  
  155  10:37  Marine  
  155  10:39  Marauder  
  155  10:41  Widow Mine  
  161  10:46  Marauder  
  161  10:47  SCV  
  165  10:52  Marine  
  165  10:53  Marauder  
  167  10:59  Starport  
  167  11:00  Ghost Academy  
  167  11:01  Marine  
  167  11:02  Marauder  
  165  11:08  Marine  
  165  11:09  Marauder  
  155  11:19  Marine  
  155  11:20  Marauder  
  155  11:24  Marine, Marauder  
  140  11:26  Marine  
  140  11:30  Marauder  
  117  11:34  Widow Mine x2  
  117  11:37  Marine  
  121  11:42  Marine  
  106  11:49  SCV x2  
Show
View Real Time Build Order
Export as new Build Order

PtitDrogo Protoss - Winner!

Build Orders: 1 Gate Expand, Blink Stalkers, Colossus Rush 

Get SALT Encoding   

  12  0:00  Probe  
  13  0:12  Probe  
  14  0:18  Pylon  
  14  0:26  Probe  
  15  0:37  Gateway  
  15  0:40  Probe (Chrono Boost)  
  16  0:49  Assimilator, Probe (Chrono Boost)  
  17  0:54  Probe (Chrono Boost)  
  18  1:06  Probe  
  20  1:18  Probe  
  20  1:24  Cybernetics Core  
  20  1:32  Nexus  
  20  1:39  Pylon  
  20  1:41  Probe  
  21  1:47  Assimilator  
  21  1:54  Probe  
  22  1:57  Adept (Chrono Boost)  
  22  2:01  Warp Gate  
  24  2:06  Probe  
  25  2:18  Probe  
  25  2:20  Stalker (Chrono Boost)  
  28  2:36  Probe (Chrono Boost)  
  28  2:45  Twilight Council  
  28  2:46  Probe (Chrono Boost)  
  28  2:47  Stalker (Chrono Boost)  
  32  2:54  Probe (Chrono Boost)  
  32  2:56  Gateway, Probe (Chrono Boost)  
  33  3:00  Probe (Chrono Boost)  
  33  3:03  Probe  
  35  3:12  Probe  
  36  3:13  Blink (Chrono Boost)  
  36  3:15  Probe  
  37  3:24  Probe  
  38  3:27  Probe  
  38  3:32  Robotics Facility  
  39  3:36  Probe  
  39  3:39  Probe  
  41  3:42  Pylon  
  41  3:47  Pylon  
  41  3:48  Probe  
  41  3:51  Stalker  
  41  3:53  Stalker  
  46  4:00  Probe x2  
  48  4:12  Probe  
  48  4:13  Nexus  
  48  4:15  Probe  
  50  4:19  Pylon  
  50  4:21  Observer  
  50  4:23  Stalker  
  53  4:25  Probe  
  53  4:28  Probe  
  55  4:32  Assimilator  
  55  4:34  Assimilator  
  55  4:36  Pylon  
  55  4:37  Probe  
  56  4:40  Probe  
  56  4:43  Observer  
  58  4:51  Probe (Chrono Boost)  
  58  4:52  Probe (Chrono Boost)  
  60  4:55  Robotics Bay  
  60  4:58  Gateway  
  60  4:59  Gateway  
  60  5:03  Probe (Chrono Boost)  
  60  5:05  Probe (Chrono Boost)  
  62  5:08  Probe (Chrono Boost)  
  62  5:11  Charge  
  62  5:12  Pylon  
  62  5:13  Probe  
  64  5:20  Shield Battery  
  63  5:21  Probe  
  63  5:23  Pylon  
  63  5:24  Observer (Chrono Boost)  
  63  5:26  Probe  
  66  5:30  Stalker, Probe  
  66  5:31  Stalker  
  66  5:35  Probe  
  72  5:37  Shield Battery  
  72  5:38  Probe  
  72  5:41  Shield Battery  
  71  5:46  Colossus (Chrono Boost)  
  77  5:58  Stalker  
  77  5:59  Stalker x2  
  65  6:15  Stalker x4  
  65  6:18  Probe  
  71  6:28  Probe  
  71  6:29  Colossus (Chrono Boost)  
  73  6:33  Probe  
  73  6:34  Probe  
  73  6:39  Stalker x2  
  69  6:40  Probe (Chrono Boost)  
  69  6:45  Probe (Chrono Boost)  
  69  6:46  Probe (Chrono Boost)  
  68  6:52  Probe (Chrono Boost)  
  70  6:55  Probe (Chrono Boost), Dark Shrine  
  70  6:56  Probe (Chrono Boost)  
  70  6:58  Probe (Chrono Boost)  
  70  7:00  Probe (Chrono Boost)  
  70  7:01  Probe (Chrono Boost)  
  72  7:02  Sentry  
  72  7:06  Probe  
  77  7:09  Pylon  
  77  7:11  Probe  
  77  7:12  Probe  
  79  7:17  Shield Battery  
  79  7:18  Probe  
  79  7:20  Warp Prism (Chrono Boost)  
  82  7:23  Probe  
  82  7:25  Probe  
  84  7:30  Probe  
  84  7:35  Observer  
  84  7:36  Probe  
  87  7:37  Probe  
  87  7:38  Gateway x2  
  87  7:39  Zealot x2  
  87  7:40  Zealot x2  
  87  7:42  Probe  
  87  7:43  Pylon  
  96  7:48  Colossus (Chrono Boost)  
  102  7:55  Pylon, Probe  
  103  7:59  Probe  
  102  8:11  Probe  
  102  8:12  Dark Templar x4  
  110  8:18  Probe x2  
  112  8:20  Gateway  
  112  8:23  Gateway  
  110  8:29  Probe  
  110  8:30  Probe  
  110  8:35  Probe  
  110  8:38  Colossus  
  115  8:48  Zealot x4  
  115  8:50  Gateway  
  115  8:51  Gateway  
  121  9:03  Forge  
  121  9:05  Forge  
  121  9:06  Gateway  
  121  9:14  Nexus  
  121  9:22  Zealot x3  
  125  9:25  Pylon  
  125  9:26  Pylon x2  
  125  9:32  Protoss Ground Weapons Level 1 (Chrono Boost), Protoss Ground Armor Level 1 (Chrono Boost)  
  125  9:43  Assimilator, Immortal  
  125  9:44  Assimilator  
  129  9:48  Templar Archives, Zealot x4  
  129  9:49  Zealot  
  139  9:56  Zealot x3  
  145  10:01  Pylon  
  145  10:04  Pylon  
  143  10:10  Probe  
  143  10:11  Probe  
  143  10:26  High Templar x3  
  143  10:27  High Templar, Zealot x3  
  143  10:28  Zealot  
  159  10:30  Probe x2  
  159  10:32  Archon x2  
  159  10:35  Observer  
  161  10:37  Zealot x3  
  171  10:46  Warp Prism (Chrono Boost)  
  167  10:53  High Templar x3  
  167  10:54  High Templar  
  175  10:57  Archon  
  175  10:58  Archon  
  165  11:12  Zealot x7  
  121  11:31  Stalker x4  
  123  11:35  Zealot x6  
  123  11:36  Zealot  
  117  11:54  Zealot x2  

Tags
 
Add a new tag
Caveats
  • Supply blocks, unpowered buildings, or Contaminate may cause inaccurate times.
  • Supply counts are checked every 10 seconds.